 Dungeon Crawl Stone Soup version 0.15.2 (webtiles) character file.

150481 4tharraofdagon the End of an Era (level 16, -4/137 HPs)
             Began as a Green Draconian Wanderer on Jan 16, 2015.
             Was the Champion of Qazlal.
             Slain by a deep elf blademaster
             ... wielding a +0 quick blade
              (8 damage)
             ... on Level 3 of the Elven Halls.
             The game lasted 02:38:41 (20295 turns).

4tharraofdagon the End of an Era (DrWn)            Turns: 20295, Time: 02:38:41

HP  -4/137       AC 20     Str 14      XL: 16   Next: 98%
MP   0/33        EV 17     Int 20      God: Qazlal [******]
Gold 271         SH 15     Dex 11      Spells:  3 memorised, 12 levels left

rFire  + . .     SeeInvis .     o - +5 eveningstar (vamp)
rCold  + . .     Rnd*Rage +     (armour unavailable)
rNeg   + + .     rCorr    .     q - +0 buckler {reflect}
rPois  +         rRot     .     b - +2 hat {Spirit}
rElec  .         Spirit   +     k - +0 cloak
SustAb .         Warding  .     R - +2 pair of gloves
rMut   +         Stasis   .     s - +0 pair of boots
Gourm  .                        G - amulet of resist mutation
MR     +....                    T - ring of positive energy
                                Y - ring of positive energy

@: lethally poisoned, about to teleport, protected from physical damage, repel
missiles, somewhat resistant to hostile enchantments, very unstealthy
A: breathe noxious fumes, unfitting armour, stinger 1, berserk 1, clever 1, cold
resistance 1, deformed body, fire resistance 1, poison resistance, shaggy fur 1,
slow healing 1, weak 1, cold-blooded, placid magic 1, AC +9
a: Breathe Noxious Fumes, Upheaval, Elemental Force, Disaster Area, Renounce
Religion


You were on level 3 of the Elven Halls.
You worshipped Qazlal.
Qazlal was exalted by your worship.
You were not hungry.

You visited 6 branches of the dungeon, and saw 32 of its levels.
You also visited: Ice Cave.

You collected 3351 gold pieces.
You spent 3080 gold pieces at shops.

Inventory:

Hand weapons
 o - a +5 vampiric eveningstar (weapon)
 u - the +7 morningstar of Nightmares {crush, *Tele +Blink rF+ MR+ SInv}
   (You bought it in a shop on level 4 of the Orcish Mines)

   It inflicts extra damage upon your enemies.
   It protects you from fire.
   It affects your resistance to hostile enchantments.
   It enhances your eyesight.
   It lets you blink.
   It causes random teleportation.
 Z - a +5 blowgun of evasion
Missiles
 U - 7 curare-tipped needles
Armour
 b - a +2 hat of spirit shield (worn)
 k - a +0 cloak (worn)
 q - a +0 buckler of reflection (worn)
 s - a +0 pair of boots (worn)
 R - a +2 pair of gloves (worn)
 X - a +2 hat of cold resistance
Magical devices
 g - a wand of cold (4)
 j - a wand of paralysis (10)
 z - a wand of cold (4)
 A - a wand of draining (7)
 C - a wand of paralysis (7)
 I - a wand of cold (3)
 N - a wand of hasting (6)
 S - a wand of disintegration (7)
Comestibles
 d - 14 meat rations
 f - 15 bread rations
 J - 2 royal jellies
 V - 2 slices of pizza
Scrolls
 h - 10 scrolls of remove curse
 t - a scroll of brand weapon
 y - a scroll of recharging
 D - 4 scrolls of fog
Jewellery
 w - an uncursed amulet of clarity
 B - an uncursed ring of sustain abilities
 G - an amulet of resist mutation (around neck)
 H - an uncursed ring of protection from fire
 L - an uncursed ring of wizardry
 Q - an uncursed ring of fire
 T - a ring of positive energy (right hand)
 W - an uncursed ring of ice
 Y - a ring of positive energy (left hand)
Potions
 c - 6 potions of magic
 i - 7 potions of heal wounds
 l - 8 potions of haste
 m - 4 potions of restore abilities
 n - 5 potions of agility
 p - 12 potions of curing
 v - a potion of berserk rage
 x - a potion of resistance
 E - 2 potions of invisibility
 F - 3 potions of might
 K - 2 potions of lignification
 M - a potion of cancellation
 P - 7 potions of brilliance
Books
 a - a Necronomicon {highlevel}

   Spells                             Type                      Level
   Haunt                              Necromancy/Summoning         7
   *Borgnjor's Revivification         Necromancy                   8
   Death's Door                       Charms/Necromancy            8
   *Necromutation                     Transmutation/Necromancy     8
Magical staves
 O - an uncursed staff of wizardry
Miscellaneous
 e - a phial of floods


   Skills:
 - Level 11.0 Fighting
 + Level 13.8 Maces & Flails
   Level 1.7 Bows
 + Level 11.3 Dodging
 - Level 1.0 Stealth
 + Level 12.3 Shields
 + Level 7.5 Spellcasting
 - Level 14.1 Necromancy
 + Level 4.2 Transmutations
 * Level 15.4 Invocations


You had 12 spell levels left.
You knew the following spells:

 Your Spells              Type           Power        Failure   Level  Hunger
a - Cure Poison           Pois           #.........   9%          2    None
b - Necromutation         Trmt/Necr      ####......   100%        8    #######
c - Borgnjor's Revivific  Necr           #####.....   98%         8    #######


Dungeon Overview and Level Annotations

Branches:
Dungeon (15/15)            Temple (1/1) D:6             Orc (4/4) D:10
    Elf (3/3) Orc:4          Lair (8/8) D:11          Swamp (0/5) Lair:3
 Spider (0/5) Lair:6        Slime (0/6) Lair:8       Vaults (0/5) D:13
 Depths (1/5) D:15

Altars:
Ashenzari
Cheibriados
Dithmenos
Elyvilon
Fedhas
Kikubaaqudgha
Makhleb
Nemelex Xobeh
Okawaru
Qazlal
Sif Muna
Trog
Vehumet
Xom
Yredelemnul
Zin
The Shining One
Jiyva

Shops:
D:7 (   D:12 :   Orc:3 :   Orc:4 ?((!*   Elf:1 [   Elf:3 !

Portals:
Trove: D:11 (give +4 storm dragon armour)

Annotations:
D:3 mopl's ghost, average OpWz
D:8 exclusion: 2 oklob saplings
D:14 exclusion: downstairs


Innate Abilities, Weirdness & Mutations

You can breathe blasts of noxious fumes.
Your lurid green scales are hard (AC +9).
Your body does not fit into most forms of armour.
Your tail ends in a poisonous barb.
Your system is resistant to poisons.
Your cold-blooded metabolism reacts poorly to cold.
You tend to lose your temper in combat.
Your mind is acute. (Int +2)
Your flesh is cold resistant.
Your body is misshapen.
Your flesh is heat resistant.
You are covered in fur (AC +1).
You heal slowly when monsters are visible.
You are weak. (Str -2)
Your spells are a little easier to cast, but a little less powerful.


Message History

The sixfirhy shocks you!
* * * LOW HITPOINT WARNING * * *
The deep elf high priest is engulfed in roaring flames.
You block the orange demon's attack.
Unknown command.
Drink which item? (? for menu, Esc to quit)
You feel much better.
The sixfirhy is engulfed in freezing vapours.
You block the sixfirhy's attack.
The sixfirhy is engulfed in freezing vapours.
You block the sixfirhy's attack.
The sixfirhy is engulfed in freezing vapours.
The sixfirhy closely misses you.
The deep elf blademaster hits you with a quick blade.
* * * LOW HITPOINT WARNING * * *
The deep elf blademaster hits you with a quick blade!!
* * * LOW HITPOINT WARNING * * *
You feel more protected from physical attacks.
The deep elf blademaster hits you with a quick blade!
You die...

*#####.........###***
##).#.........:...#,,*
###%:##.............##,,
##):|##...............##,
##%|§$#.......###.(.....#,
#.:(§.#......## ##.(....#,
#.§§§.#.§§)4## ##.....#,
##'##.#.§.4§# #.....#,
##e..###.§@ee## ##....(#* ##
##.§).§##......## ##......##
.#
#...1...).§.....###.......')
.#
**#.......##.....?.........##.
.#
*,#.......###.............##*.
.# *,##.....## #.............#
*# .# *,,##...##
#.)...........# * .#
*,,,###'#***###.........###***
.#
*,,,,*#!.,,,,,###########,,,,,


You could see a deep elf blademaster, an orange demon, a deep elf high priest
and a sixfirhy.

Vanquished Creatures
  3 deep elf blademasters (Elf:3)
  A deep elf master archer (Elf:3)
  6 deep elf sorcerers
  A ghost moth (Lair:2)
  Aizul (Elf:2)
  Gastronok (D:12)
  5 deep elf demonologists
  7 deep elf annihilators (Elf:3)
  6 deep elf death magi (Elf:3)
  Snorg (Lair:6)
  2 ice dragons (D:15)
  5 deep elf high priests (Elf:3)
  Fannar (Lair:5)
  2 hydras (Lair:8)
  4 ogre magi (Orc:4)
  2 tengu warriors (D:15)
  Erica (Lair:3)
  A centaur warrior (D:13)
  17 death yaks
  A deep troll shaman (Lair:8)
  An orc high priest (Elf:2)
  2 catoblepae
  3 deep elf knights
  2 deep trolls (D:15)
  2 unseen horrors
  3 skeletal warriors (D:14)
  An ice statue (IceCv)
  8 deep elf summoners
  8 deep elf conjurers
  6 hill giants
  An orc sorcerer (Elf:2)
  3 necromancers
  2 wolf spiders
  3 ugly things
  A wolf spider (shapeshifter) (Elf:1)
  3 griffons
  5 orc knights
  A centaur zombie (D:11)
  A red wasp (shapeshifter) (Elf:2)
  3 cyclopes
  A manticore (D:12)
  Maurice (D:11)
  13 elephants
  5 black mambas
  10 spiny frogs
  2 gargoyles (D:13)
  A centaur skeleton (D:14)
  An efreet (D:15)
  2 kobold demonologists (D:12)
  3 fire drakes
  6 komodo dragons
  2 jumping spiders (Elf:1)
  A polar bear (Lair:8)
  14 deep elf priests
  Sonja (D:11)
  8 freezing wraiths
  Prince Ribbit (Lair:3)
  7 ravens (D:15)
  A catoblepas skeleton (D:11)
  2 shadows (D:14)
  2 boulder beetles
  8 slime creatures
  5 trolls
  15 two-headed ogres
  20 blink frogs
  2 redbacks (Elf:1)
  A vampire (D:12)
  3 basilisks
  A water elemental (IceCv)
  5 trapdoor spiders
  A spriggan (shapeshifter) (D:14)
  20 deep elf magi
  2 wyverns
  A yak (shapeshifter) (Elf:1)
  A tarantella (Elf:1)
  A wraith (D:14)
  A steam dragon (D:8)
  32 yaks
  A death yak simulacrum (IceCv)
  8 hippogriffs
  Grum (D:10)
  22 wolves
  4 hungry ghosts
  A tengu zombie (D:15)
  A warg (Elf:2)
  26 deep elf fighters
  2 raven zombies (D:15)
  A soldier ant (D:14)
  21 orc warriors
  15 water moccasins
  A black bear (Lair:3)
  2 yellow wasps
  3 sky beasts
  A phantom (D:8)
  A swamp drake (D:10)
  4 wandering mushrooms (D:8)
  11 porcupines
  An alligator simulacrum (IceCv)
  2 boring beetles
  35 ogres
  11 centaurs
  Sigmund (D:2)
  9 ice beasts
  A brain worm (D:15)
  14 crocodiles
  14 giant frogs
  3 big kobolds
  15 killer bees
  3 scorpions
  A troll skeleton (D:13)
  4 wights (D:8)
  A hippogriff skeleton (D:10)
  A draconian simulacrum (IceCv)
  7 crimson imps
  A wyvern simulacrum (D:14)
  6 goliath beetles
  4 jellies
  21 orc priests
  7 iguanas
  11 worker ants
  36 orc wizards
  A spriggan simulacrum (IceCv)
  Natasha (D:3)
  10 hounds
  2 yak simulacra (Lair:6)
  3 orange rats
  6 troll simulacra (IceCv)
  7 wolf simulacra
  2 polar bear simulacra (Lair:6)
  14 sheep
  Ijyb (D:2)
  2 centaur simulacra (IceCv)
  A mottled dragon skeleton (D:14)
  A hound zombie (D:10)
  A worker ant zombie (D:6)
  2 ogre simulacra (IceCv)
  17 adders
  5 naga simulacra (IceCv)
  3 orc zombies
  3 gnolls (D:8)
  An orc skeleton (D:6)
  19 green rats
  2 giant mites
  22 white imps
  5 shadow imps
  3 worms
  A giant gecko (D:4)
  164 orcs
  2 ball pythons
  2 giant cockroaches
  18 goblins
  20 hobgoblins
  6 jackals
  12 quokkas
  21 bats
  5 giant newts
  2 green rat simulacra (Lair:6)
  A hobgoblin skeleton (D:7)
  23 kobolds
  17 rats
  11 ballistomycetes
  7 crawling corpses
  26 fungi
  21 plants
1158 creatures vanquished.

Vanquished Creatures (collateral kills)
  A hill giant (D:13)
  3 freezing wraiths (IceCv)
  A killer bee (D:13)
  A naga simulacrum (IceCv)
  2 white imps (IceCv)
8 creatures vanquished.

Vanquished Creatures (others)
  A deep elf master archer (Elf:3)
  Nessos (Orc:3)
  A feature mimic (Orc:3)
  A redback (Elf:1)
  A water elemental (IceCv)
  A centaur simulacrum (D:15)
  A raven zombie (D:15)
  A deep elf fighter (D:15)
  2 fire elementals (IceCv)
  An orc warrior (Orc:1)
  2 lost souls (Elf:3)
  A killer bee (D:13)
  An elf zombie (D:15)
  A draconian simulacrum (IceCv)
  A naga simulacrum (IceCv)
  A green rat (Lair:2)
  A shadow imp (D:15)
  2 orcs
  3 giant spores
  4 fungi
  A plant (Lair:8)
29 creatures vanquished.

Grand Total: 1195 creatures vanquished

Notes
Turn   | Place    | Note
--------------------------------------------------------------
     0 | D:1      | 4tharraofdagon, the Draconian Wanderer, began the quest for the Orb.
     0 | D:1      | Reached XP level 1. HP: 22/22 MP: 1/1
   136 | D:1      | Reached XP level 2. HP: 6/28 MP: 2/2
   315 | D:1      | Reached skill level 1 in Dodging
   364 | D:1      | Reached XP level 3. HP: 14/34 MP: 3/3
   637 | D:2      | Noticed Ijyb
   768 | D:2      | Noticed Sigmund
   791 | D:2      | Killed Sigmund
   791 | D:2      | Reached skill level 5 in Fighting
   791 | D:2      | Reached XP level 4. HP: 33/42 MP: 4/4
  1131 | D:2      | Killed Ijyb
  1131 | D:2      | Reached XP level 5. HP: 32/48 MP: 5/5
  1343 | D:3      | Noticed Natasha
  1353 | D:3      | Killed Natasha
  1622 | D:3      | Noticed mopl's ghost (average OpWz)
  2005 | D:5      | Entered Level 5 of the Dungeon
  2161 | D:5      | Reached XP level 6. HP: 49/56 MP: 6/6
  2180 | D:5      | Noticed a sky beast
  2237 | D:5      | Killed a sky beast
  2298 | D:5      | Noticed a centaur
  2338 | D:5      | Killed a centaur
  2338 | D:5      | Reached skill level 5 in Maces & Flails
  2362 | D:4      | Noticed an ogre
  2400 | D:4      | Killed an ogre
  2400 | D:4      | Your scales start taking on a lurid green colour.
  2400 | D:4      | Gained mutation: Your system is resistant to poisons. [draconian maturity]
  2400 | D:4      | Reached XP level 7. HP: 28/62 MP: 7/7
  2474 | D:4      | Noticed an ogre
  2475 | D:4      | Noticed an ogre
  2491 | D:4      | Killed an ogre
  2498 | D:4      | Killed an ogre
  2498 | D:4      | Reached skill level 6 in Fighting
  2941 | D:6      | Found a staircase to the Ecumenical Temple.
  2950 | Temple   | Entered the Ecumenical Temple
  3217 | D:7      | Reached XP level 8. HP: 67/70 MP: 8/8
  3502 | D:7      | Reached skill level 5 in Shields
  3528 | D:7      | Found Grai's Weapon Shoppe.
  3531 | D:7      | Bought a +0 flail of protection for 86 gold pieces
  3862 | D:8      | Noticed a wandering mushroom
  3940 | D:8      | Killed a wandering mushroom
  3947 | D:8      | Found a blossoming altar of Fedhas.
  3947 | D:8      | Noticed a wandering mushroom
  3947 | D:8      | Noticed a wandering mushroom
  3947 | D:8      | Noticed a wandering mushroom
  3959 | D:8      | Killed a wandering mushroom
  3959 | D:8      | Reached skill level 7 in Maces & Flails
  3970 | D:8      | Killed a wandering mushroom
  3984 | D:8      | Killed a wandering mushroom
  3984 | D:8      | Reached XP level 9. HP: 79/79 MP: 9/9
  4052 | D:8      | Noticed Psyche
  4066 | D:8      | Noticed Psyche
  4066 | D:8      | Psyche changed into Psyche the goliath beetle
  4087 | D:8      | Killed Psyche the goliath beetle
  4422 | D:7      | Found a bloodstained altar of Trog.
  4509 | D:8      | Reached skill level 8 in Maces & Flails
  4949 | D:9      | Reached skill level 5 in Dodging
  5049 | D:9      | Found a blossoming altar of Fedhas.
  5115 | D:9      | Found a sparkling altar of Nemelex Xobeh.
  5116 | D:9      | Found a deep blue altar of Sif Muna.
  5118 | D:9      | Found a stormy altar of Qazlal.
  5124 | D:9      | Became a worshipper of Qazlal Stormbringer
  5424 | D:10     | Entered Level 10 of the Dungeon
  5486 | D:10     | Reached skill level 1 in Invocations
  5534 | D:10     | Reached XP level 10. HP: 39/88 MP: 11/11
  5921 | D:10     | Found a staircase to the Orcish Mines.
  5933 | D:10     | Acquired Qazlal's first power
  6009 | D:10     | Reached skill level 9 in Maces & Flails
  6358 | D:10     | Noticed Grum
  6377 | D:10     | Killed Grum
  6402 | D:11     | Noticed a cyclops
  6424 | D:11     | Killed a cyclops
  6459 | D:11     | Found a portal to a secret trove of treasure.
  6489 | D:11     | Noticed Sonja
  6494 | D:11     | Noticed a five-headed hydra
  6512 | D:11     | Sonja (ally) was killed
  6512 | D:11     | Your ally died
  6519 | D:11     | Noticed a death yak
  6519 | D:11     | a five-headed hydra changed into a death yak
  6565 | D:11     | Killed a death yak
  6608 | D:11     | Reached skill level 5 in Invocations
  6743 | D:11     | Noticed an elephant
  6746 | D:11     | Found a staircase to the Lair.
  6797 | D:11     | Killed an elephant
  7130 | D:11     | Noticed Maurice
  7185 | D:11     | Killed an unseen horror
  7185 | D:11     | Reached XP level 11. HP: 83/97 MP: 19/21
  7217 | D:11     | Acquired Qazlal's second power
  7257 | D:11     | Noticed a hill giant
  7278 | D:11     | Killed a hill giant
  7825 | D:12     | Noticed Gastronok
  7895 | D:12     | Killed Gastronok
  7895 | D:12     | Reached skill level 10 in Maces & Flails
  8053 | D:12     | Noticed a hill giant
  8071 | D:12     | Killed a hill giant
  8350 | D:12     | Found Quonuofu's Book Shoppe.
  8681 | D:13     | Acquired Qazlal's third power
  8801 | D:13     | Gained mutation: Your body is misshapen. [potion of mutation]
  8801 | D:13     | Gained mutation: Your flesh is heat resistant. [potion of mutation]
  8801 | D:13     | Gained mutation: You are weak. (Str -2) [potion of mutation]
  8802 | D:13     | Gained mutation: You heal slowly when monsters are visible. [potion of mutation]
  8805 | D:13     | Noticed a hill giant
  8815 | D:13     | Found a gate to the Vaults.
  8817 | D:13     | Noticed a necromancer
  8822 | D:13     | Killed a hill giant
  8838 | D:13     | Killed a necromancer
  8886 | D:13     | Reached XP level 12. HP: 27/106 MP: 14/24
  9099 | D:13     | Reached skill level 10 in Fighting
  9267 | D:13     | Noticed a centaur warrior
  9384 | D:13     | Killed a centaur warrior
  9918 | D:14     | Acquired Qazlal's fourth power
 10064 | D:15     | Entered Level 15 of the Dungeon
 10077 | D:14     | Reached skill level 10 in Invocations
 10087 | D:14     | Gained mutation: You tend to lose your temper in combat. [mutagenic meat]
 10088 | D:14     | Gained mutation: Your mind is acute. (Int +2) [mutagenic meat]
 10089 | D:14     | Gained mutation: Your flesh is cold resistant. [mutagenic meat]
 10343 | D:11     | Killed Maurice
 10343 | D:11     | Reached skill level 10 in Shields
 10447 | Lair:1   | Entered Level 1 of the Lair of Beasts
 10514 | Lair:1   | Reached skill level 11 in Maces & Flails
 10703 | Lair:2   | Noticed an eight-headed hydra
 10706 | Lair:2   | an eight-headed hydra changed into something unseen
 10776 | Lair:2   | Learned a level 2 spell: Cure Poison
 10839 | Lair:2   | Identified a scroll of acquirement
 11003 | Lair:2   | HP: 3/107 [something (9)]
 11378 | Lair:3   | Acquired Qazlal's fifth power
 11390 | Lair:3   | Noticed Erica
 11487 | Lair:3   | Killed Erica
 11541 | Lair:3   | Found a staircase to the Swamp.
 11594 | Lair:3   | Noticed Prince Ribbit
 11633 | Lair:3   | Reached XP level 13. HP: 107/115 MP: 27/27
 11638 | Lair:3   | Killed Prince Ribbit
 12059 | Lair:5   | Reached skill level 1 in Spellcasting
 12202 | Lair:6   | Found a hole to the Spider Nest.
 12203 | Lair:6   | Noticed Snorg
 12221 | Lair:5   | Found a radiant altar of Vehumet.
 12274 | Lair:5   | Noticed Fannar
 12291 | Lair:5   | Killed Fannar
 12608 | Lair:6   | Reached skill level 12 in Invocations
 12810 | Lair:6   | Killed Snorg
 13130 | Lair:7   | Gained mutation: Your tail ends in a poisonous barb. [draconian growth]
 13130 | Lair:7   | Reached XP level 14. HP: 95/124 MP: 17/29
 13272 | Lair:7   | Reached skill level 13 in Invocations
 13392 | Lair:8   | Entered Level 8 of the Lair of Beasts
 13392 | Lair:8   | Found a frozen archway.
 13493 | IceCv    | Entered an ice cave
 13760 | IceCv    | Reached skill level 10 in Dodging
 13948 | IceCv    | Found an ancient bone altar of Kikubaaqudgha.
 14259 | Lair:8   | Reached skill level 5 in Spellcasting
 14306 | Lair:8   | Identified a cursed +0 rod of the swarm (11/11) (You found it in an ice cave)
 14724 | Lair:8   | Reached skill level 14 in Invocations
 14856 | Lair:8   | Found a viscous altar of Jiyva.
 14856 | Lair:8   | Found a staircase to the Slime Pits.
 15229 | Lair:2   | Killed a ghost moth
 15392 | D:12     | Bought a manual of Necromancy for 1545 gold pieces
 15464 | D:14     | Reached XP level 15. HP: 97/129 MP: 22/31
 15697 | D:15     | Reached skill level 1 in Necromancy
 15896 | D:15     | Reached skill level 5 in Necromancy
 15939 | D:15     | Noticed an ice dragon
 15941 | D:15     | Noticed an ice dragon
 15954 | D:15     | Killed an ice dragon
 15976 | D:15     | Killed an ice dragon
 15995 | D:15     | Found a staircase to the Depths.
 16020 | Depths:1 | Entered Level 1 of the Depths
 16439 | Orc:1    | Entered Level 1 of the Orcish Mines
 17341 | Orc:4    | Entered Level 4 of the Orcish Mines
 17407 | Orc:4    | Reached skill level 10 in Necromancy
 17679 | Orc:4    | Found Opaoph's Magic Scroll Boutique.
 17713 | Orc:4    | Bought a scroll of teleportation for 39 gold pieces
 17717 | Orc:4    | Found Telifaf's Weapon Emporium.
 17717 | Orc:4    | Found Yddiqoc's Distillery.
 17717 | Orc:4    | Found Zudidif's Antique Weapon Shop.
 17717 | Orc:4    | Found Daam's Assorted Antiques.
 17730 | Orc:4    | Bought a pair of jewelled gloves for 275 gold pieces
 17742 | Orc:4    | Identified the +0 pair of gloves of the Five Dances {Stlth++} (You bought it in a shop on level 4 of the Orcish Mines)
 17760 | Orc:4    | Bought a dazzling morningstar for 306 gold pieces
 17763 | Orc:4    | Bought a potion of curing for 28 gold pieces
 17763 | Orc:4    | Bought 2 potions of might for 70 gold pieces
 17763 | Orc:4    | Bought a potion of curing for 28 gold pieces
 17763 | Orc:4    | Bought a potion of curing for 28 gold pieces
 17763 | Orc:4    | Bought a potion of heal wounds for 42 gold pieces
 17763 | Orc:4    | Bought a potion of haste for 98 gold pieces
 17763 | Orc:4    | Bought a potion of magic for 77 gold pieces
 17763 | Orc:4    | Bought a potion of mutation for 35 gold pieces
 17763 | Orc:4    | Bought a potion of brilliance for 35 gold pieces
 17763 | Orc:4    | Bought a potion of brilliance for 35 gold pieces
 17766 | Orc:4    | Gained mutation: Your spells are a little easier to cast, but a little less powerful. [potion of mutation]
 17777 | Orc:4    | Learned a level 8 spell: Necromutation
 17786 | Orc:4    | Learned a level 8 spell: Borgnjor's Revivification
 17797 | Orc:4    | Bought a scroll of identify for 26 gold pieces
 17797 | Orc:4    | Bought a scroll of identify for 26 gold pieces
 17799 | Orc:4    | Identified the +7 morningstar of Nightmares {crush, *Tele +Blink rF+ MR+ SInv} (You bought it in a shop on level 4 of the Orcish Mines)
 17862 | Orc:3    | Noticed Nessos
 17880 | Orc:3    | Killed Nessos
 17923 | Orc:3    | Found Lostoav's Book Shop.
 18233 | Orc:4    | Found a staircase to the Elven Halls.
 18247 | Elf:1    | Entered Level 1 of the Elven Halls
 18718 | Elf:2    | Gained mutation: You are covered in fur (AC +1). [mutagenic meat]
 18885 | Elf:2    | Noticed Aizul
 18903 | Elf:2    | Killed Aizul
 19022 | Elf:1    | Reached XP level 16. HP: 121/137 MP: 29/32
 19058 | Elf:1    | Reached skill level 1 in Transmutations
 19360 | Elf:1    | Found Ghuon's Armour Shop.
 19397 | Elf:3    | Entered Level 3 of the Elven Halls
 19414 | Elf:3    | Found Storoddo's Distillery.
 19434 | Elf:3    | Bought a potion of heal wounds for 42 gold pieces
 19434 | Elf:3    | Bought a potion of heal wounds for 42 gold pieces
 19434 | Elf:3    | Bought a potion of berserk rage for 42 gold pieces
 19434 | Elf:3    | Bought a potion of curing for 28 gold pieces
 19434 | Elf:3    | Bought a potion of magic for 77 gold pieces
 19434 | Elf:3    | Bought a potion of agility for 35 gold pieces
 19434 | Elf:3    | Bought a potion of brilliance for 35 gold pieces
 19606 | Elf:3    | Noticed a deep elf blademaster
 19608 | Elf:3    | Noticed a deep elf blademaster
 19650 | Elf:3    | Killed a deep elf blademaster
 19656 | Elf:3    | Killed a deep elf blademaster
 19784 | Elf:3    | Reached skill level 15 in Invocations
 19789 | Elf:3    | Noticed a deep elf master archer
 19792 | Elf:3    | Killed a deep elf master archer
 19854 | Elf:3    | Noticed a deep elf master archer
 19921 | Elf:3    | Killed a deep elf master archer
 20024 | Elf:3    | Noticed a deep elf blademaster
 20037 | Elf:3    | Noticed an Ice Fiend
 20041 | Elf:3    | Killed a deep elf blademaster
 20283 | Elf:3    | Noticed a deep elf blademaster
 20294 | Elf:3    | HP: 3/137 [sixfirhy[a deep elf high priest] (6)]
 20295 | Elf:3    | Slain by a deep elf blademaster

Action                   |  1- 3 |  4- 6 |  7- 9 | 10-12 | 13-15 | 16-18 || total
-------------------------+-------+-------+-------+-------+-------+-------++-------
Melee: Mace              |   140 |   211 |   184 |   449 |       |       ||   984
       Flail             |       |       |   289 |   543 |       |       ||   832
       Eveningstar       |       |       |       |    91 |  1879 |   374 ||  2344
 Fire: Shortbow          |       |    24 |    45 |       |       |       ||    69
       Blowgun           |       |       |     5 |     6 |       |       ||    11
 Cast: Cure Poison       |       |       |       |       |     1 |       ||     1
Invok: Upheaval          |       |       |       |       |    15 |     6 ||    21
       Elemental Force   |       |       |       |       |     4 |       ||     4
       Disaster Area     |       |       |       |       |     2 |       ||     2
 Abil: Breathe Noxious F |       |       |    21 |    54 |    12 |    11 ||    98
Evoke: Wand              |       |     9 |     6 |    19 |    12 |     9 ||    55
  Use: Potion            |     2 |       |       |    13 |     2 |     8 ||    25
       Scroll            |       |     2 |     6 |    26 |    12 |     8 ||    54
 Stab: Confused          |       |     2 |    15 |    32 |     6 |     4 ||    59
       Sleeping          |       |       |     1 |       |       |       ||     1
       Invisible         |       |       |       |     3 |       |     7 ||    10
       Distracted        |       |       |       |       |     1 |       ||     1
  Eat: Chunk             |       |     6 |    15 |    34 |    24 |     1 ||    80
       Fruit             |       |       |     2 |     4 |     4 |     6 ||    16
       Beef jerky        |       |       |       |     6 |       |       ||     6
       Bread ration      |       |       |       |     1 |       |       ||     1
       Pizza             |       |       |       |       |     1 |     2 ||     3
